 Dungeon Crawl Stone Soup version 0.27-a0-1006-g1fd4cec11e (webtiles) character file.

Game seed: 12415634524413932327

25 siradein the Cudgeller (level 2, -4/24 HPs)
             Began as a Demonspawn Fighter on Apr 18, 2021.
             Succumbed to kobold brigand's curare-tipped dart
             ... on level 2 of the Dungeon.
             The game lasted 00:02:55 (1343 turns).

siradein the Cudgeller (Demonspawn Fighter)         Turns: 1343, Time: 00:02:56

Health: -4/24      AC:  8    Str: 16    XL:     2   Next: 86%
Magic:  2/2        EV:  4    Int:  9    God:
Gold:   62         SH:  8    Dex: 12    Spells: 1/1 levels left

rFire    . . .     SeeInvis .   a - +0 flail
rCold    . . .     Faith    .   c - +0 kite shield
rNeg     . . .     Spirit   .   k - +0 chain mail
rPois    .         Reflect  .   (no helmet)
rElec    .         Harm     .   (no cloak)
rCorr    .         Rampage  .   (no gloves)
Will     .....                  (no boots)
Stlth    ..........             (no amulet)
HPRegen  0.08/turn              (no ring)
MPRegen  0.08/turn              (no ring)

@: lethally poisoned (-4 -> -21), slowed, very slow
A: demonic guardian 1
a: no special abilities


You were on level 2 of the Dungeon.
You visited 1 branch of the dungeon, and saw 2 of its levels.

You collected 62 gold pieces.

Inventory:

Hand Weapons
 a - a +0 flail (weapon)
Armour
 c - a +0 kite shield (worn)
 k - a +0 chain mail (worn)
Jewellery
 e - a ring of fire
Scrolls
 b - a scroll of noise {unknown}
 f - a scroll of holy word {unknown}
 h - 2 scrolls of teleportation {unknown}
 i - a scroll of magic mapping {unknown}
 j - 2 scrolls of acquirement {unknown}
 l - a scroll of torment {unknown}
Potions
 d - a potion of might
 g - a potion of degeneration {unknown}


   Skills:
 - Level 3.0 Fighting
 + Level 3.1 Maces & Flails
 - Level 2.6 Armour
 - Level 2.6 Shields


You had one spell level left.
You didn't know any spells.
Your spell library was empty.

Dungeon Overview and Level Annotations

Branches:
Dungeon (2/15)

Altars:


Innate Abilities, Weirdness & Mutations

A weak demonic guardian rushes to your aid.


Message History

The kobold brigand is moderately wounded.
The kobold brigand hits you with a +0 dagger.
A hobgoblin comes into view.
You closely miss the kobold brigand.
The kobold brigand is moderately wounded.
The hobgoblin shouts!
The kobold brigand hits you but does no damage.
A water moccasin comes into view.
You block the kobold brigand's attack.
You closely miss the kobold brigand.
The kobold brigand is moderately wounded.
The kobold brigand hits you but does no damage.
You closely miss the kobold brigand.
The kobold brigand is moderately wounded.
The kobold brigand hits you with a +0 dagger.
The rat twitches its whiskers.
A worm comes into view.
The kobold brigand barely misses you.
You hit the kobold brigand.
The kobold brigand is heavily wounded.
The kobold brigand hits you with a +0 dagger.
* * * LOW HITPOINT WARNING * * *
A demonic guardian appears!
You swap places.
The kobold brigand throws a curare-tipped dart.
The curare-tipped dart hits your ufetubus.
Your ufetubus is poisoned.
Your ufetubus convulses.
Your ufetubus seems to slow down.
Your ufetubus hits the kobold brigand.
Your ufetubus misses the kobold brigand.
The kobold brigand hits your ufetubus with a +0 dagger.
Your ufetubus dies!
The kobold brigand throws a curare-tipped dart.
The curare-tipped dart hits you.
You are lethally poisoned!
You have difficulty breathing.
* * * LOW HITPOINT WARNING * * *
You feel yourself slow down.
An adder comes into view.
You die...

..... ..∩.. ...!r.
...... ..♣..∩#
(......
.....SS#############
.._...grK....@.....#
.......###########.#
####### #<....#.#
##.##.#.# #.####.#
#......# ########


You could see a water moccasin, a kobold brigand, a hobgoblin and a rat.

Vanquished Creatures
  4 ball pythons (D:1)
  3 endoplasms (D:1)
  A giant cockroach (D:1)
  3 goblins (D:1)
  3 hobgoblins (D:1)
  2 quokkas (D:1)
  2 bats (D:1)
  A frilled lizard (D:1)
  2 kobolds (D:1)
  A rat (D:1)
22 creatures vanquished.

Notes
Turn   | Place    | Note
-------+----------+-------------------------------------------
     0 | D:1      | siradein the Demonspawn Fighter began the quest for the
                  | Orb.
     0 | D:1      | Reached XP level 1. HP: 18/18 MP: 1/1
   363 | D:1      | Gained mutation: A weak demonic guardian rushes to your
                  | aid. [demonic ancestry]
   363 | D:1      | Reached XP level 2. HP: 24/24 MP: 2/2
  1323 | D:2      | Found a faded altar of an unknown god.
  1325 | D:2      | Noticed a kobold brigand
  1335 | D:2      | Noticed a water moccasin
  1343 | D:2      | Succumbed to kobold brigand's curare-tipped dart

Illustrated notes

Levels and vault maps discovered:
D:1:      moated_graveyard_arrival, layout_loops_ring, minivault_26,
          minmay_quantized
D:2:      layout_basic, hellmonk_ecumenical_altar_arch_garden

Skill      XL: |  1  2 |
---------------+-------+-----
Maces & Flails | 2 3 |  3.1
Fighting       | |  3.0
Armour         | |  2.6
Shields        | |  2.6

Action                   || total
-------------------------++-------
Melee: Flail             ||    76
Armor: Scale mail        ||    15
       Chain mail        ||    17
Dodge: Dodged            ||    14
Block: Kite shield       ||    38

Table legend: (Time is in decaauts)
 A = Elapsed time spent in this place.
 B = Non-inter-level travel time spent in this place.
 C = Inter-level travel time spent in this place.
 D = Time resting spent in this place.
 E = Time spent auto-exploring this place.
 F = Levels seen in this place.
 G = Mean time per level.
                   A        B        C        D        E       F      G
               +--------+--------+--------+--------+--------+-----+--------+
         Total |   1381 |   1378 |      3 |    106 |   1051 |   2 |  690.5 |
       Dungeon |   1381 |   1378 |      3 |    106 |   1051 |   2 |  690.5 |
               +--------+--------+--------+--------+--------+-----+--------+

Top non-repeatable levels by time:
     D:1: 1331 daAuts
     D:2: 49 daAuts
